 Dungeon Crawl Stone Soup version 0.23.2-1-ga50397a6bc (webtiles) character file.

Game seed: 4804413397898915474

17 NotaRein the Skirmisher (level 2, 0/19 HPs)
             Began as a Gargoyle Monk on May 25, 2019.
             Slain by a hobgoblin
             ... wielding a +0 club
             ... led by Robin
              (3 damage)
             ... on level 2 of the Dungeon.
             The game lasted 00:25:53 (1422 turns).

NotaRein the Skirmisher (Gargoyle Monk)             Turns: 1422, Time: 00:25:53

Health: 0/19       AC:  8    Str: 14    XL:     2   Next: 62%
Magic:  2/2        EV: 10    Int: 10    God:
Gold:   83         SH:  0    Dex: 12    Spells: 1/1 levels left

rFire    . . .     SeeInvis .   f - +0 short sword
rCold    . . .     Gourm    .   (no shield)
rNeg     + . .     Faith    .   v - +0 scale mail
rPois    ∞         Spirit   .   (no helmet)
rElec    +         Reflect  .   (no cloak)
rCorr    .         Harm     .   (no gloves)
MR       .....                  (no boots)
Stlth    +.........             (no amulet)
HPRegen  0.06/turn              (no ring)
MPRegen  0.08/turn              (no ring)

@: no status effects
A: negative energy resistance 1, electricity resistance, unbreathing,
petrification resistance, rot immunity, AC +2
a: no special abilities


You were on level 2 of the Dungeon.
You were not hungry.

You visited 1 branch of the dungeon, and saw 2 of its levels.

You collected 83 gold pieces.

Inventory:

Hand Weapons
 a - a +0 mace
 d - a +0 hunting sling
 e - a +0 hunting sling
 f - a +0 short sword (weapon)
 h - a +0 club
 k - a +0 dagger
 n - a +0 club
 p - a +0 club
 s - a cursed -1 dagger
Missiles
 i - 27 stones (quivered)
 l - 8 javelins
 o - 21 arrows
 q - 37 bolts
 u - 12 sling bullets
Armour
 b - a +0 robe
 g - a +0 leather armour
 j - a +0 robe
 r - a +0 ring mail
 v - a +0 scale mail (worn)
 w - a +0 leather armour
Jewellery
 m - an uncursed ring of teleportation
Scrolls
 t - a scroll of identify


   Skills:
 + Level 3.5 Fighting
 + Level 0.1 Short Blades
 + Level 3.3 Maces & Flails
 + Level 0.3 Armour
 + Level 2.6 Dodging
 + Level 2.4 Stealth


You had one spell level left.
You didn't know any spells.
Your spell library was empty.

Dungeon Overview and Level Annotations

Branches:
Dungeon (2/15)

Altars:
Hepliaklqana
Ru
Uskayaw
Vehumet
Wu Jian

Annotations:
D:2 Robin


Innate Abilities, Weirdness & Mutations

You are resistant to torment.
Your stone body is resilient. (AC +2)
You are immune to poison.
You resist negative energy. (rN+)
You are resistant to electric shocks. (rElec)
You can survive without breathing.
You are immune to petrification.
You are immune to rotting.


Message History

You completely miss the goblin. The hobgoblin closely misses you.
The goblin hits you but does no damage. x3; The goblin closely misses you.
You closely miss the goblin. The goblin closely misses you.
The hobgoblin barely misses you. The goblin barely misses you.
The goblin hits you. Robin hits you but does no damage.
The goblin hits you but does no damage.
You miss the goblin. The goblin hits you but does no damage.
The goblin barely misses you. The hobgoblin hits you with a +0 club.
The goblin hits you. The goblin hits you with a +0 club.
* * * LOW HITPOINT WARNING * * *
Robin hits you but does no damage. The goblin barely misses you.
What are your orders? t - Shout!
Orders for allies: a - Attack new target. r - Retreat! s - Stop attacking. g - Guard the area. f - Follow me.
Anything else - Cancel.
Stop fighting!
The goblin hits you but does no damage. x2
The goblin barely misses you. The hobgoblin hits you with a +0 club.
You die...

#..########.##
..............
###...._...#.##
...._........
###.........#
.......8gK_.#
#...gggg..#
#._g@gg..#
#..gggg..#
###...#..#
#..###.# #...
.# #### #


You could see Robin, 2 hobgoblins, 9 goblins and a kobold.

Vanquished Creatures
  An ooze (D:1)
  A goblin (D:2)
  2 hobgoblins (D:1)
  3 kobolds (D:1)
  2 ball pythons (D:1)
  2 bats (D:1)
  A frilled lizard (D:1)
  3 rats (D:1)
15 creatures vanquished.

Notes
Turn   | Place    | Note
-------+----------+-------------------------------------------
     0 | D:1      | NotaRein the Gargoyle Monk began the quest for the Orb.
     0 | D:1      | Reached XP level 1. HP: 14/14 MP: 1/1
   420 | D:1      | Reached XP level 2. HP: 14/19 MP: 2/2
  1415 | D:2      | Found a hazy altar of Hepliaklqana.
  1415 | D:2      | Found a hide-covered altar of Uskayaw.
  1415 | D:2      | Found a sacrificial altar of Ru.
  1415 | D:2      | Found a radiant altar of Vehumet.
  1415 | D:2      | Found an ornate altar of the Wu Jian Council.
  1415 | D:2      | Noticed Robin
  1422 | D:2      | Slain by a hobgoblin

Action                   || total
-------------------------++-------
Melee: Short sword       ||    38
       Mace              ||     7
       Dagger            ||     7
Throw: Stone             ||     2
  Use: Potion            ||     1
       Scroll            ||     3
  Eat: Ration            ||     1
Armor: Leather armour    ||     5
       Robe              ||     2
       Ring mail         ||    17
       Scale mail        ||    11
Dodge: Dodged            ||    52
